Chicoutimi Sagueneens vs Philadelphia Phantoms

Created - 9 octobre 2017 at 15:59

Goals
1 2 3 T
Chicoutimi Sagueneens 0 1 2 3
Philadelphia Phantoms 2 2 3 7
Shots
1 2 3 T
Chicoutimi Sagueneens 6 10 18 34
Philadelphia Phantoms 18 9 11 38

1st period

1. Philadelphia Phantoms , Zac Dalpe 1 (Sean Kuraly 1) at 9:34
2. Philadelphia Phantoms , Kevin Fiala 1 (Dean Kukan 1) at 17:23

Penalties :
Dryden Hunt (PHA) for Hooking (Minor) at 1:01, Kevin Labanc (PHA) for Tripping (Minor) at 9:57, Dryden Hunt (PHA) for Hooking (Minor) at 14:09, Sean Kuraly (PHA) for Fighting (Major) at 17:51, Gabriel Bourque (SAG) for Fighting (Major) at 17:51

2nd period

3. Philadelphia Phantoms , Sean Kuraly 1 (Jordan Maletta 1) at 5:54
4. Chicoutimi Sagueneens , Rocco Grimaldi 1 (Scott Wilson 1, Chris Summers 1) at 17:28
5. Philadelphia Phantoms , Dryden Hunt 1 (Sean Kuraly 2, Zac Dalpe 1) at 18:28

Penalties :
Jordan Maletta (PHA) for Close Hand On Puck (Minor) at 2:28

3rd period

6. Philadelphia Phantoms , Reid Boucher 1 (Kevin Fiala 1, Scott Laughton 1) at 6:15
7. Philadelphia Phantoms , Kevin Labanc 1 (Joshua Ho-Sang 1, Dale Weise 1) at 8:38
8. Chicoutimi Sagueneens , Jacob De La Rose 1 (Derrick Pouliot 1) at 16:59
9. Philadelphia Phantoms , Kevin Labanc 2 (Joshua Ho-Sang 2) at 19:24
10. Chicoutimi Sagueneens , Iiro Pakarinen 1 (Scott Wilson 2, Derrick Pouliot 2) at 19:41

Penalties :
Dean Kukan (PHA) for Fighting (Major) at 10:36, Miikka Salomaki (SAG) for Fighting (Major) at 10:36, Sean Kuraly (PHA) for Fighting (Major) at 16:27, Alex Lintuniemi (SAG) for Fighting (Major) at 16:27, Dryden Hunt (PHA) for Fighting (Major) at 19:27, Jacob De La Rose (SAG) for Fighting (Major) at 19:27

Goalie Stats

Ville Husso (SAG), 31 saves from 38 shots - (0,816), L, 0-1-0, 60:00 minutes
Darcy Kuemper (PHA), 31 saves from 34 shots - (0,912), W, 1-0-0, 60:00 minutes

Players Stats for Chicoutimi Sagueneens

Player Name              G  A  P  +/- PIM S  H  SB GA TA FO     MP     PP MP  PK MP  
------------------------------------------------------------------------------------
Alex Lintuniemi          0  0  0  -3  5   0  3  1  1  0  0/0    19:51   3:50   0:00 
Chris Summers            0  1  1  -3  0   0  2  2  0  3  0/0    21:43   3:50   0:00 
Derrick Pouliot          0  2  2   0  0   2  2  2  1  1  0/0    25:50   4:06   0:00 
Gabriel Bourque          0  0  0   0  5   7  0  0  1  0  0/2    17:24   3:13   0:00 
Iiro Pakarinen           1  0  1  -3  0   7  0  1  2  0  3/4    21:55   4:04   0:00 
Jacob De La Rose         1  0  1   0  5   3  3  1  0  0  4/8    18:57   3:35   0:00 
Jamie Oleksiak           0  0  0   0  0   1  2  2  0  0  0/0    25:50   4:06   0:00 
Jean Dupuy               0  0  0   0  0   1  1  0  0  1  0/0     8:11   0:00   0:00 
Laurent Dauphin          0  0  0  -3  0   0  2  0  2  0  19/35  21:55   4:04   0:00 
Ludwig Bystrom           0  0  0  -1  0   1  0  0  0  0  0/0    12:35   0:00   0:00 
Matt White               0  0  0  -1  0   2  4  1  0  1  4/9    10:56   0:17   0:00 
Maxime Fortunus          0  0  0  -1  0   1  1  0  0  1  0/0    13:06   0:00   0:00 
Miikka Salomaki          0  0  0  -1  5   0  2  0  0  1  0/0     9:48   0:17   0:00 
Mike Brown               0  0  0   0  0   1  4  1  0  0  0/0     8:11   0:00   0:00 
Rocco Grimaldi           1  0  1   0  0   4  2  0  1  0  0/0    18:58   3:35   0:00 
Scott Wilson             0  2  2  -3  0   1  0  0  0  0  0/0    21:55   4:04   0:00 
Stanislav Galiev         0  0  0  -1  0   3  0  0  0  0  0/0    12:29   0:39   0:00 
Zach Sill                0  0  0   0  0   0  1  0  0  0  3/4    10:22   0:00   0:00 

Players Stats for Philadelphia Phantoms

Player Name              G  A  P  +/- PIM S  H  SB GA TA FO     MP     PP MP  PK MP  
------------------------------------------------------------------------------------
Alexandre Carrier        0  0  0   2  0   2  1  1  0  1  0/0    24:02   0:00   3:51 
Brandon Montour          0  0  0   1  0   0  2  3  0  1  0/0    19:57   0:00   0:00 
Chad Billins             0  0  0   2  0   0  1  2  1  3  0/0    19:00   0:00   3:51 
Dakota Mermis            0  0  0   1  0   0  1  0  0  0  0/0    23:03   0:00   4:05 
Dale Weise               0  1  1   2  0   0  1  1  0  0  1/3    16:42   0:00   0:00 
Dean Kukan               0  1  1   1  5   1  0  2  0  1  0/0    20:18   0:00   4:05 
Dryden Hunt              1  0  1   1  9   1  1  0  1  0  1/1    14:04   0:00   0:16 
Jonathan Diaby           0  0  0   1  0   1  0  2  0  0  0/0    13:39   0:00   0:00 
Jordan Maletta           0  1  1  -2  2   1  1  0  0  0  4/8    13:26   0:00   2:48 
Joshua Ho-Sang           0  2  2   2  0   7  0  2  1  0  5/19   20:04   0:00   1:26 
Juho Lammikko            0  0  0  -1  0   0  0  0  0  0  0/0     6:33   0:00   0:00 
Kevin Fiala              1  1  2   2  0   3  3  0  1  0  0/0    13:49   0:00   0:00 
Kevin Labanc             2  0  2   2  2   3  1  0  1  0  1/1    16:54   0:00   0:00 
Nic Kerdiles             0  0  0  -1  0   4  0  0  0  0  0/0     6:33   0:00   0:00 
Reid Boucher             1  0  1   2  0   5  1  0  1  1  0/0    13:49   0:00   0:00 
Scott Laughton           0  1  1   2  0   0  1  1  0  0  13/22  18:05   0:00   4:05 
Sean Kuraly              1  2  3   3  10  6  1  3  1  1  4/8    15:16   0:00   3:23 
Zac Dalpe                1  1  2   0  0   4  0  0  1  0  0/0    16:56   0:00   4:08 

3 Stars

1 - Kevin Fiala (PHA)
2 - Kevin Labanc (PHA)
3 - Reid Boucher (PHA)

Power Play

Chicoutimi Sagueneens - 0 on 4 Attempt(s) - 0,00%
Philadelphia Phantoms - 0 on 0 Attempt(s) - 0,00%

Penalty Kill

Chicoutimi Sagueneens - 0 on 0 Attempt(s) - 0,00% - Score 0 goal in Penalty Kill
Philadelphia Phantoms - 4 on 4 Attempt(s) - 100,00% - Score 0 goal in Penalty Kill

Team Stat

Chicoutimi Sagueneens - Hits : 29 - Faceoff Wins : 33 - Blocked Shots : 11 - Penalty Minutes : 20
Philadelphia Phantoms - Hits : 15 - Faceoff Wins : 29 - Blocked Shots : 17 - Penalty Minutes : 28

Official

Referees : Graham Skiliter and Mark Lemelin
Linesman : Jonny Murray and Brad Kovachik

Game Notes

Sean Kuraly beats up Gabriel Bourque at 17:51 of 1st period
Dean Kukan and Miikka Salomaki fight to a draw at 10:36 of 3rd period
Sean Kuraly and Alex Lintuniemi fight to a draw at 16:27 of 3rd period
Jacob De La Rose beats up Dryden Hunt at 19:27 of 3rd period

Finance

Level 1 -- Attendance: 1436 (71,80%) -- Ticket Income 50 260 $
Level 2 -- Attendance: 736 (73,60%) -- Ticket Income 11 040 $
Total Attendance: 2172 (72,40%)
Total Ticket Income: 61 300 $
Other Income: 30 037 $
Total Income: 91 337 $

Chicoutimi Sagueneens

5 vs 5 Forward 
   Center                   Left Wing                Right Wing               Time % Phy DF OF 
 1 Laurent Dauphin          Iiro Pakarinen           Scott Wilson             40     1   2  2  
 2 Jacob De La Rose         Gabriel Bourque          Rocco Grimaldi           30     1   2  2  
 3 Matt White               Stanislav Galiev         Miikka Salomaki          20     1   2  2  
 4 Zach Sill                Jean Dupuy               Mike Brown               10     1   2  2  

5 vs 5 Defense 
   Defense                  Defense                                           Time % Phy DF OF 
 1 Jamie Oleksiak           Derrick Pouliot                                   40     1   2  2  
 2 Chris Summers            Alex Lintuniemi                                   30     1   2  2  
 3 Maxime Fortunus          Ludwig Bystrom                                    20     1   2  2  
 4 Jamie Oleksiak           Derrick Pouliot                                   10     1   2  2  

PowerPlay Forward 
   Center                   Left Wing                Right Wing               Time % Phy DF OF 
 1 Laurent Dauphin          Iiro Pakarinen           Scott Wilson             60     1   2  2  
 2 Jacob De La Rose         Gabriel Bourque          Rocco Grimaldi           40     1   2  2  

PowerPlay Defense
   Defense                  Defense                                           Time % Phy DF OF 
 1 Jamie Oleksiak           Derrick Pouliot                                   60     1   2  2  
 2 Chris Summers            Alex Lintuniemi                                   40     1   2  2  

Penalty Kill 4 Players Forward 
   Center                   Wing                     Time % Phy DF OF 
 1 Laurent Dauphin          Iiro Pakarinen           60     1   2  2  
 2 Jacob De La Rose         Scott Wilson             40     1   2  2  

Penalty Kill 4 Players Defense
   Defense                  Defense                  Time % Phy DF OF 
 1 Jamie Oleksiak           Derrick Pouliot          60     1   2  2  
 2 Chris Summers            Alex Lintuniemi          40     1   2  2  

Penalty Kill - 3 Players Forward 
   Forward                                           Time % Phy DF OF 
 1 Laurent Dauphin                                   60     1   2  2  
 2 Iiro Pakarinen                                    40     1   2  2  

Penalty Kill - 3 Players Defense
   Defense                  Defense                  Time % Phy DF OF 
 1 Jamie Oleksiak           Derrick Pouliot          60     1   2  2  
 2 Chris Summers            Alex Lintuniemi          40     1   2  2  

4 vs 4 Forward 
   Center                   Wing                     Time % Phy DF OF 
 1 Laurent Dauphin          Iiro Pakarinen           60     1   2  2  
 2 Jacob De La Rose         Scott Wilson             40     1   2  2  

4 vs 4 Defense
   Defense                  Defense                  Time % Phy DF OF 
 1 Jamie Oleksiak           Derrick Pouliot          60     1   2  2  
 2 Chris Summers            Alex Lintuniemi          40     1   2  2  

Last Minutes Offensive
   Center                   Left Wing                Right Wing               Defense                  Defense                  
   Laurent Dauphin          Iiro Pakarinen           Scott Wilson             Jamie Oleksiak           Derrick Pouliot          

Last Minutes Defensive
   Center                   Left Wing                Right Wing               Defense                  Defense                  
   Laurent Dauphin          Iiro Pakarinen           Scott Wilson             Jamie Oleksiak           Derrick Pouliot          

Goaltenders
Starting : Ville Husso              
Backup : Anthony Stolarz          

Extra Forwards
Normal : Stanislav Galiev, Matt White, Zach Sill - PP : Stanislav Galiev, Matt White - PK : Zach Sill
Extra Defensemen
Normal : Maxime Fortunus, Ludwig Bystrom, Chris Summers - PP : Maxime Fortunus - PK : Ludwig Bystrom, Chris Summers
Penalty Shots
Laurent Dauphin, Iiro Pakarinen, Jacob De La Rose, Scott Wilson, Rocco Grimaldi

Scratches
Justin Kea (Healthy), Clark Bishop (Healthy), Chris McCarthy (Healthy), Braden Christoffer (Healthy)

Philadelphia Phantoms

5 vs 5 Forward 
   Center                   Left Wing                Right Wing               Time % Phy DF OF 
 1 Joshua Ho-Sang           Kevin Labanc             Dale Weise               34     0   2  3  
 2 Scott Laughton           Reid Boucher             Kevin Fiala              30     0   2  3  
 3 Sean Kuraly              Dryden Hunt              Zac Dalpe                26     0   2  3  
 4 Jordan Maletta           Nic Kerdiles             Juho Lammikko            10     0   3  2  

5 vs 5 Defense 
   Defense                  Defense                                           Time % Phy DF OF 
 1 Brandon Montour          Alexandre Carrier                                 40     1   2  2  
 2 Dean Kukan               Dakota Mermis                                     36     1   2  2  
 3 Chad Billins             Jonathan Diaby                                    24     1   2  2  
 4 Brandon Montour          Alexandre Carrier                                 0      1   2  2  

PowerPlay Forward 
   Center                   Left Wing                Right Wing               Time % Phy DF OF 
 1 Joshua Ho-Sang           Kevin Labanc             Dale Weise               60     1   2  2  
 2 Scott Laughton           Reid Boucher             Kevin Fiala              40     1   2  2  

PowerPlay Defense
   Defense                  Defense                                           Time % Phy DF OF 
 1 Brandon Montour          Alexandre Carrier                                 60     1   2  2  
 2 Dean Kukan               Dakota Mermis                                     40     1   2  2  

Penalty Kill 4 Players Forward 
   Center                   Wing                     Time % Phy DF OF 
 1 Scott Laughton           Zac Dalpe                60     0   5  0  
 2 Jordan Maletta           Sean Kuraly              40     0   5  0  

Penalty Kill 4 Players Defense
   Defense                  Defense                  Time % Phy DF OF 
 1 Chad Billins             Alexandre Carrier        60     0   5  0  
 2 Dean Kukan               Dakota Mermis            40     0   5  0  

Penalty Kill - 3 Players Forward 
   Forward                                           Time % Phy DF OF 
 1 Zac Dalpe                                         60     0   5  0  
 2 Jordan Maletta                                    40     0   5  0  

Penalty Kill - 3 Players Defense
   Defense                  Defense                  Time % Phy DF OF 
 1 Chad Billins             Alexandre Carrier        60     0   5  0  
 2 Dean Kukan               Dakota Mermis            40     0   5  0  

4 vs 4 Forward 
   Center                   Wing                     Time % Phy DF OF 
 1 Joshua Ho-Sang           Dale Weise               60     1   2  2  
 2 Kevin Labanc             Reid Boucher             40     1   2  2  

4 vs 4 Defense
   Defense                  Defense                  Time % Phy DF OF 
 1 Brandon Montour          Alexandre Carrier        60     1   2  2  
 2 Dean Kukan               Dakota Mermis            40     1   2  2  

Last Minutes Offensive
   Center                   Left Wing                Right Wing               Defense                  Defense                  
   Joshua Ho-Sang           Kevin Labanc             Dale Weise               Brandon Montour          Alexandre Carrier        

Last Minutes Defensive
   Center                   Left Wing                Right Wing               Defense                  Defense                  
   Scott Laughton           Sean Kuraly              Zac Dalpe                Dean Kukan               Brandon Montour          

Goaltenders
Starting : Darcy Kuemper            
Backup : Jack Campbell            

Extra Forwards
Normal : Sean Kuraly, Dryden Hunt, Jordan Maletta - PP : Sean Kuraly, Dryden Hunt - PK : Jordan Maletta
Extra Defensemen
Normal : Chad Billins, Jonathan Diaby, Dean Kukan - PP : Chad Billins - PK : Jonathan Diaby, Dean Kukan
Penalty Shots
Joshua Ho-Sang, Dale Weise, Kevin Labanc, Reid Boucher, Kevin Fiala

Scratches
Ryan MacInnis (Healthy), Jon Martin (Healthy), Rihards Bukarts (Healthy), Matt Caito (Healthy), Alex Lyon (Healthy)
Matthew O'Connor (Healthy)

% Time on Ice - Chicoutimi Sagueneens

Lines # - Real PCT - Wanted PCT - Time Play
Normal Forward
1 - 35% - 40% - 18:15
2 - 30% - 30% - 15:39
3 - 19% - 20% - 9:59
4 - 16% - 10% - 8:11
Normal Defense
1 - 38% - 40% - 19:48
2 - 34% - 30% - 17:53
3 - 24% - 20% - 12:27
4 - 4% - 10% - 1:56
PP Forward
1 - 54% - 60% - 4:18
2 - 46% - 40% - 3:38
PP Defense
1 - 52% - 60% - 4:06
2 - 48% - 40% - 3:50
PK Forward
1 - 0% - 60%
2 - 0% - 40%
PK Defense
1 - 0% - 60%
2 - 0% - 40%
PK3 Forward
1 - 0% - 60%
2 - 0% - 40%
PK3 Defense
1 - 0% - 60%
2 - 0% - 40%
44 Forward
1 - 0% - 60%
2 - 0% - 40%
44 Defense
1 - 0% - 60%
2 - 0% - 40%
Last Minute Offensive  - 0:00
Last Minute Defensive  - 0:00
Total
Forward - 60:00
Defense - 60:00

% Time on Ice - Philadelphia Phantoms

Lines # - Real PCT - Wanted PCT - Time Play
Normal Forward
1 - 34% - 34% - 17:40
2 - 29% - 30% - 15:16
3 - 24% - 26% - 12:35
4 - 13% - 10% - 6:33
Normal Defense
1 - 41% - 40% - 21:26
2 - 36% - 36% - 18:58
3 - 22% - 24% - 11:40
4 - 0% - 0% - 0:00
PP Forward
1 - 0% - 60%
2 - 0% - 40%
PP Defense
1 - 0% - 60%
2 - 0% - 40%
PK Forward
1 - 66% - 60% - 5:14
2 - 34% - 40% - 2:42
PK Defense
1 - 49% - 60% - 3:51
2 - 51% - 40% - 4:05
PK3 Forward
1 - 0% - 60%
2 - 0% - 40%
PK3 Defense
1 - 0% - 60%
2 - 0% - 40%
44 Forward
1 - 0% - 60%
2 - 0% - 40%
44 Defense
1 - 0% - 60%
2 - 0% - 40%
Last Minute Offensive  - 0:00
Last Minute Defensive  - 0:00
Total
Forward - 60:00
Defense - 60:00

Play by Play

1st period


0:01 of 1st period - Joshua Ho-Sang wins face-off versus Laurent Dauphin in neutral zone.
0:06 of 1st period - Slapshot by Joshua Ho-Sang.
0:06 of 1st period - Stopped by Ville Husso with a rebound.
0:25 of 1st period - Reid Boucher is hit by Rocco Grimaldi and loses puck.
0:34 of 1st period - Wrist shot by Gabriel Bourque.
0:34 of 1st period - Stopped by Darcy Kuemper with a rebound.
0:36 of 1st period - Wrist shot by Jacob De La Rose.
0:36 of 1st period - Shot Blocked by Scott Laughton.
0:38 of 1st period - Slapshot by Alex Lintuniemi.
0:38 of 1st period - Shot Blocked by Brandon Montour.
0:48 of 1st period - Matt White is hit by Brandon Montour and loses puck.
1:01 of 1st period - Minor Penalty to Dryden Hunt for Hooking.
1:02 of 1st period - Scott Laughton wins face-off versus Laurent Dauphin in Philadelphia Phantoms zone.
3:01 of 1st period - Penalty to Dryden Hunt is over, Dryden Hunt is back on ice.
3:25 of 1st period - Derrick Pouliot is hit by Scott Laughton and loses puck.
3:44 of 1st period - Jonathan Diaby is hit by Miikka Salomaki and loses puck.
4:29 of 1st period - Nic Kerdiles is hit by Alex Lintuniemi and loses puck.
4:42 of 1st period - Scott Laughton is hit by Zach Sill and loses puck.
5:20 of 1st period - Laurent Dauphin is hit by Kevin Labanc and loses puck.
5:33 of 1st period - Jonathan Diaby is hit by Matt White and loses puck.
6:01 of 1st period - Jean Dupuy is hit by Dale Weise and loses puck.
6:06 of 1st period - Wrist shot by Joshua Ho-Sang.
6:06 of 1st period - Stopped by Ville Husso without a rebound.
6:07 of 1st period - Kevin Labanc wins face-off versus Matt White in Chicoutimi Sagueneens zone.
6:08 of 1st period - Snap shot by Joshua Ho-Sang.
6:08 of 1st period - Stopped by Ville Husso with a rebound.
6:32 of 1st period - Laurent Dauphin is hit by Kevin Fiala and loses puck.
6:51 of 1st period - Jacob De La Rose is hit by Sean Kuraly and loses puck.
7:24 of 1st period - Wrist shot by Rocco Grimaldi.
7:24 of 1st period - Stopped by Darcy Kuemper with a rebound.
7:26 of 1st period - Slapshot by Derrick Pouliot.
7:26 of 1st period - Deflect By Gabriel Bourque.
7:26 of 1st period - Shot Misses the Net.
7:26 of 1st period - Puck is out of play.
7:27 of 1st period - Laurent Dauphin wins face-off versus Dale Weise in Philadelphia Phantoms zone.
7:38 of 1st period - Wrist shot by Iiro Pakarinen.
7:38 of 1st period - Stopped by Darcy Kuemper with a rebound.
7:40 of 1st period - Snap shot by Laurent Dauphin.
7:40 of 1st period - Shot Blocked by Joshua Ho-Sang.
7:42 of 1st period - Slapshot by Iiro Pakarinen.
7:42 of 1st period - Deflect By Scott Wilson.
7:42 of 1st period - Shot Blocked by Brandon Montour.
7:42 of 1st period - Puck is out of play.
7:43 of 1st period - Scott Laughton wins face-off versus Matt White in Philadelphia Phantoms zone.
7:43 of 1st period - Scott Laughton is hit by Jamie Oleksiak.
7:57 of 1st period - Snap shot by Reid Boucher.
7:57 of 1st period - Stopped by Ville Husso without a rebound.
7:58 of 1st period - Sean Kuraly wins face-off versus Laurent Dauphin in Chicoutimi Sagueneens zone.
7:59 of 1st period - Snap shot by Zac Dalpe.
7:59 of 1st period - Stopped by Ville Husso with a rebound.
8:13 of 1st period - Snap shot by Sean Kuraly.
8:13 of 1st period - Stopped by Ville Husso without a rebound.
8:14 of 1st period - Jacob De La Rose wins face-off versus Joshua Ho-Sang in Chicoutimi Sagueneens zone.
8:39 of 1st period - Dakota Mermis is hit by Miikka Salomaki and loses puck.
8:50 of 1st period - Snap shot by Stanislav Galiev.
8:50 of 1st period - Shot Blocked by Dean Kukan.
9:10 of 1st period - Slapshot by Nic Kerdiles.
9:10 of 1st period - Stopped by Ville Husso with a rebound.
9:12 of 1st period - Wrist shot by Brandon Montour.
9:12 of 1st period - Shot Blocked by Alex Lintuniemi.
9:14 of 1st period - Wrist shot by Alexandre Carrier.
9:14 of 1st period - Shot Misses the Net.
9:24 of 1st period - Snap shot by Sean Kuraly.
9:24 of 1st period - Stopped by Ville Husso with a rebound.
9:32 of 1st period - Wrist shot by Sean Kuraly.
9:32 of 1st period - Stopped by Ville Husso with a rebound.
9:34 of 1st period - Snap shot by Zac Dalpe.
9:34 of 1st period - Goal by Zac Dalpe - Chicoutimi Sagueneens : 0 - Philadelphia Phantoms : 1.
9:35 of 1st period - Dale Weise wins face-off versus Laurent Dauphin in neutral zone.
9:57 of 1st period - Minor Penalty to Kevin Labanc for Tripping.
9:58 of 1st period - Scott Laughton wins face-off versus Laurent Dauphin in Philadelphia Phantoms zone.
10:34 of 1st period - Wrist shot by Gabriel Bourque.
10:34 of 1st period - Shot Blocked by Sean Kuraly.
11:57 of 1st period - Penalty to Kevin Labanc is over, Kevin Labanc is back on ice.
12:18 of 1st period - Snap shot by Jean Dupuy.
12:18 of 1st period - Stopped by Darcy Kuemper with a rebound.
12:34 of 1st period - Scott Laughton is hit by Matt White and loses puck.
13:09 of 1st period - Snap shot by Nic Kerdiles.
13:09 of 1st period - Stopped by Ville Husso without a rebound.
13:10 of 1st period - Jordan Maletta wins face-off versus Matt White in Chicoutimi Sagueneens zone.
13:14 of 1st period - Icing by Alex Lintuniemi.
13:15 of 1st period - Matt White wins face-off versus Jordan Maletta in Chicoutimi Sagueneens zone.
13:22 of 1st period - Snap shot by Matt White.
13:22 of 1st period - Deflect By Jordan Maletta.
13:22 of 1st period - Stopped by Darcy Kuemper with a rebound.
13:24 of 1st period - Wrist shot by Stanislav Galiev.
13:24 of 1st period - Stopped by Darcy Kuemper without a rebound.
13:25 of 1st period - Scott Laughton wins face-off versus Laurent Dauphin in Philadelphia Phantoms zone.
13:25 of 1st period - Scott Laughton is hit by Laurent Dauphin.
14:09 of 1st period - Minor Penalty to Dryden Hunt for Hooking.
14:10 of 1st period - Scott Laughton wins face-off versus Laurent Dauphin in Philadelphia Phantoms zone.
16:09 of 1st period - Penalty to Dryden Hunt is over, Dryden Hunt is back on ice.
16:37 of 1st period - Snap shot by Joshua Ho-Sang.
16:37 of 1st period - Shot Blocked by Jamie Oleksiak.
16:43 of 1st period - Snap shot by Sean Kuraly.
16:43 of 1st period - Shot Misses the Net.
16:45 of 1st period - Slapshot by Chad Billins.
16:45 of 1st period - Shot Blocked by Derrick Pouliot.
16:47 of 1st period - Wrist shot by Sean Kuraly.
16:47 of 1st period - Shot Misses the Net.
16:49 of 1st period - Wrist shot by Joshua Ho-Sang.
16:49 of 1st period - Stopped by Ville Husso with a rebound.
16:51 of 1st period - Wrist shot by Chad Billins.
16:51 of 1st period - Shot Blocked by Jamie Oleksiak.
16:53 of 1st period - Wrist shot by Joshua Ho-Sang.
16:53 of 1st period - Stopped by Ville Husso without a rebound.
16:54 of 1st period - Scott Laughton wins face-off versus Matt White in Chicoutimi Sagueneens zone.
17:03 of 1st period - Wrist shot by Reid Boucher.
17:03 of 1st period - Shot Misses the Net.
17:05 of 1st period - Wrist shot by Alexandre Carrier.
17:05 of 1st period - Shot Blocked by Matt White.
17:07 of 1st period - Slapshot by Dean Kukan.
17:07 of 1st period - Deflect By Kevin Fiala.
17:07 of 1st period - Shot Misses the Net.
17:07 of 1st period - Puck is out of play.
17:08 of 1st period - Laurent Dauphin wins face-off versus Scott Laughton in Chicoutimi Sagueneens zone.
17:08 of 1st period - Laurent Dauphin is hit by Kevin Fiala.
17:21 of 1st period - Wrist shot by Kevin Fiala.
17:21 of 1st period - Shot Misses the Net.
17:23 of 1st period - Snap shot by Kevin Fiala.
17:23 of 1st period - Goal by Kevin Fiala - Chicoutimi Sagueneens : 0 - Philadelphia Phantoms : 2.
17:24 of 1st period - Laurent Dauphin wins face-off versus Scott Laughton in neutral zone.
17:26 of 1st period - Off-side.
17:27 of 1st period - Scott Laughton wins face-off versus Iiro Pakarinen in neutral zone.
17:38 of 1st period - Wrist shot by Kevin Fiala.
17:38 of 1st period - Stopped by Ville Husso with a rebound.
17:40 of 1st period - Snap shot by Chad Billins.
17:40 of 1st period - Deflect By Reid Boucher.
17:40 of 1st period - Shot Misses the Net.
17:40 of 1st period - Puck is out of play.
17:41 of 1st period - Dryden Hunt wins face-off versus Jacob De La Rose in Chicoutimi Sagueneens zone.
17:44 of 1st period - Snap shot by Sean Kuraly.
17:44 of 1st period - Shot Blocked by Jacob De La Rose.
17:46 of 1st period - Slapshot by Jonathan Diaby.
17:46 of 1st period - Stopped by Ville Husso without a rebound.
17:47 of 1st period - Sean Kuraly wins face-off versus Gabriel Bourque in Chicoutimi Sagueneens zone.
17:51 of 1st period - Sean Kuraly beats up Gabriel Bourque.
17:51 of 1st period - Penalty to Sean Kuraly for Fighting.
17:51 of 1st period - Penalty to Gabriel Bourque for Fighting.
17:52 of 1st period - Jordan Maletta wins face-off versus Laurent Dauphin in Chicoutimi Sagueneens zone.
18:02 of 1st period - Laurent Dauphin is hit by Brandon Montour and loses puck.
18:12 of 1st period - Alexandre Carrier is hit by Derrick Pouliot and loses puck.
18:35 of 1st period - Wrist shot by Joshua Ho-Sang.
18:35 of 1st period - Stopped by Ville Husso without a rebound.
18:36 of 1st period - Zach Sill wins face-off versus Scott Laughton in Chicoutimi Sagueneens zone.
18:43 of 1st period - Wrist shot by Kevin Fiala.
18:43 of 1st period - Deflect By Reid Boucher.
18:43 of 1st period - Shot Misses the Net.
18:43 of 1st period - Puck is out of play.
18:44 of 1st period - Scott Laughton wins face-off versus Zach Sill in Chicoutimi Sagueneens zone.
18:45 of 1st period - Snap shot by Reid Boucher.
18:45 of 1st period - Shot Misses the Net.
18:47 of 1st period - Snap shot by Dakota Mermis.
18:47 of 1st period - Shot Blocked by Mike Brown.
18:49 of 1st period - Wrist shot by Reid Boucher.
18:49 of 1st period - Shot Misses the Net.
18:51 of 1st period - Snap shot by Dean Kukan.
18:51 of 1st period - Stopped by Ville Husso with a rebound.
18:53 of 1st period - Wrist shot by Kevin Fiala.
18:53 of 1st period - Shot Misses the Net.
Goals for this period are 0 for Chicoutimi Sagueneens vs 2 for Philadelphia Phantoms.
Shots for this period are 6 for Chicoutimi Sagueneens vs 18 for Philadelphia Phantoms.

2nd period


0:01 of 2nd period - Laurent Dauphin wins face-off versus Joshua Ho-Sang in neutral zone.
0:06 of 2nd period - Slapshot by Iiro Pakarinen.
0:06 of 2nd period - Stopped by Darcy Kuemper with a rebound.
0:16 of 2nd period - Snap shot by Kevin Labanc.
0:16 of 2nd period - Shot Misses the Net.
0:52 of 2nd period - Wrist shot by Mike Brown.
0:52 of 2nd period - Stopped by Darcy Kuemper without a rebound.
0:53 of 2nd period - Zach Sill wins face-off versus Scott Laughton in Philadelphia Phantoms zone.
0:56 of 2nd period - Snap shot by Jean Dupuy.
0:56 of 2nd period - Shot Misses the Net.
1:41 of 2nd period - Zach Sill is hit by Dakota Mermis and loses puck.
2:04 of 2nd period - Wrist shot by Kevin Fiala.
2:04 of 2nd period - Deflect By Reid Boucher.
2:04 of 2nd period - Stopped by Ville Husso with a rebound.
2:06 of 2nd period - Backhand shot by Reid Boucher.
2:06 of 2nd period - Stopped by Ville Husso without a rebound.
2:07 of 2nd period - Jordan Maletta wins face-off versus Laurent Dauphin in Chicoutimi Sagueneens zone.
2:28 of 2nd period - Minor Penalty to Jordan Maletta for Close Hand On Puck.
2:29 of 2nd period - Laurent Dauphin wins face-off versus Scott Laughton in Philadelphia Phantoms zone.
2:51 of 2nd period - Penalty to Sean Kuraly is over, Sean Kuraly is back on ice.
2:54 of 2nd period - Snap shot by Jacob De La Rose.
2:54 of 2nd period - Shot Blocked by Sean Kuraly.
2:56 of 2nd period - Snap shot by Rocco Grimaldi.
2:56 of 2nd period - Shot Misses the Net.
2:58 of 2nd period - Wrist shot by Rocco Grimaldi.
2:58 of 2nd period - Shot Blocked by Chad Billins.
3:02 of 2nd period - Snap shot by Jacob De La Rose.
3:02 of 2nd period - Shot Blocked by Sean Kuraly.
3:04 of 2nd period - Snap shot by Stanislav Galiev.
3:04 of 2nd period - Stopped by Darcy Kuemper without a rebound.
3:05 of 2nd period - Laurent Dauphin wins face-off versus Scott Laughton in Philadelphia Phantoms zone.
3:08 of 2nd period - Wrist shot by Scott Wilson.
3:08 of 2nd period - Shot Misses the Net.
3:10 of 2nd period - Snap shot by Iiro Pakarinen.
3:10 of 2nd period - Shot Misses the Net.
3:40 of 2nd period - Slapshot by Gabriel Bourque.
3:40 of 2nd period - Stopped by Darcy Kuemper with a rebound.
4:28 of 2nd period - Penalty to Jordan Maletta is over, Jordan Maletta is back on ice.
4:38 of 2nd period - Snap shot by Joshua Ho-Sang.
4:38 of 2nd period - Shot Misses the Net.
4:40 of 2nd period - Wrist shot by Jordan Maletta.
4:40 of 2nd period - Stopped by Ville Husso with a rebound.
4:48 of 2nd period - Wrist shot by Joshua Ho-Sang.
4:48 of 2nd period - Shot Blocked by Chris Summers.
4:50 of 2nd period - Slapshot by Joshua Ho-Sang.
4:50 of 2nd period - Shot Blocked by Chris Summers.
4:54 of 2nd period - Snap shot by Joshua Ho-Sang.
4:54 of 2nd period - Shot Hit the Post.
5:09 of 2nd period - Wrist shot by Stanislav Galiev.
5:09 of 2nd period - Stopped by Darcy Kuemper with a rebound.
5:45 of 2nd period - Jordan Maletta is hit by Alex Lintuniemi and loses puck.
5:54 of 2nd period - Slapshot by Sean Kuraly.
5:54 of 2nd period - Goal by Sean Kuraly - Chicoutimi Sagueneens : 0 - Philadelphia Phantoms : 3.
5:55 of 2nd period - Laurent Dauphin wins face-off versus Scott Laughton in neutral zone.
7:02 of 2nd period - Brandon Montour is hit by Jamie Oleksiak.
7:58 of 2nd period - Jordan Maletta is hit by Maxime Fortunus and loses puck.
8:43 of 2nd period - Laurent Dauphin is hit by Chad Billins and loses puck.
9:10 of 2nd period - Kevin Labanc is hit by Matt White and loses puck.
9:42 of 2nd period - Rocco Grimaldi is hit by Jordan Maletta and loses puck.
9:47 of 2nd period - Snap shot by Nic Kerdiles.
9:47 of 2nd period - Shot Misses the Net.
9:57 of 2nd period - Dryden Hunt is hit by Mike Brown and loses puck.
10:04 of 2nd period - Slapshot by Jamie Oleksiak.
10:04 of 2nd period - Shot Misses the Net.
11:03 of 2nd period - Dakota Mermis is hit by Rocco Grimaldi and loses puck.
11:08 of 2nd period - Wrist shot by Gabriel Bourque.
11:08 of 2nd period - Stopped by Darcy Kuemper with a rebound.
11:22 of 2nd period - Zach Sill is hit by Reid Boucher and loses puck.
11:54 of 2nd period - Laurent Dauphin is hit by Alexandre Carrier and loses puck.
13:15 of 2nd period - Snap shot by Nic Kerdiles.
13:15 of 2nd period - Deflect By Derrick Pouliot.
13:15 of 2nd period - Stopped by Ville Husso without a rebound.
13:16 of 2nd period - Matt White wins face-off versus Jordan Maletta in Chicoutimi Sagueneens zone.
13:23 of 2nd period - Snap shot by Matt White.
13:23 of 2nd period - Stopped by Darcy Kuemper without a rebound.
13:24 of 2nd period - Laurent Dauphin wins face-off versus Joshua Ho-Sang in Philadelphia Phantoms zone.
13:27 of 2nd period - Snap shot by Scott Wilson.
13:27 of 2nd period - Shot Blocked by Jonathan Diaby.
13:55 of 2nd period - Sean Kuraly is hit by Jacob De La Rose and loses puck.
14:02 of 2nd period - Jonathan Diaby is hit by Jacob De La Rose and loses puck.
14:28 of 2nd period - Slapshot by Nic Kerdiles.
14:28 of 2nd period - Stopped by Ville Husso without a rebound.
14:29 of 2nd period - Laurent Dauphin wins face-off versus Joshua Ho-Sang in Chicoutimi Sagueneens zone.
15:02 of 2nd period - Kevin Labanc is hit by Chris Summers.
15:18 of 2nd period - Brandon Montour is hit by Alex Lintuniemi and loses puck.
15:43 of 2nd period - Wrist shot by Reid Boucher.
15:43 of 2nd period - Shot Blocked by Derrick Pouliot.
16:24 of 2nd period - Dryden Hunt is hit by Matt White.
17:28 of 2nd period - Snap shot by Rocco Grimaldi.
17:28 of 2nd period - Goal by Rocco Grimaldi - Chicoutimi Sagueneens : 1 - Philadelphia Phantoms : 3.
17:29 of 2nd period - Laurent Dauphin wins face-off versus Dale Weise in neutral zone.
17:36 of 2nd period - Snap shot by Iiro Pakarinen.
17:36 of 2nd period - Shot Misses the Net.
17:56 of 2nd period - Jamie Oleksiak is hit by Dryden Hunt and loses puck.
18:07 of 2nd period - Wrist shot by Gabriel Bourque.
18:07 of 2nd period - Stopped by Darcy Kuemper with a rebound.
18:24 of 2nd period - Snap shot by Zac Dalpe.
18:24 of 2nd period - Stopped by Ville Husso with a rebound.
18:26 of 2nd period - Snap shot by Zac Dalpe.
18:26 of 2nd period - Stopped by Ville Husso with a rebound.
18:28 of 2nd period - Snap shot by Sean Kuraly.
18:28 of 2nd period - Deflect By Dryden Hunt.
18:28 of 2nd period - Goal by Dryden Hunt - Chicoutimi Sagueneens : 1 - Philadelphia Phantoms : 4.
18:29 of 2nd period - Iiro Pakarinen wins face-off versus Joshua Ho-Sang in neutral zone.
18:38 of 2nd period - Wrist shot by Iiro Pakarinen.
18:38 of 2nd period - Stopped by Darcy Kuemper with a rebound.
19:18 of 2nd period - Off-side.
19:19 of 2nd period - Jacob De La Rose wins face-off versus Sean Kuraly in neutral zone.
Goals for this period are 1 for Chicoutimi Sagueneens vs 2 for Philadelphia Phantoms.
Shots for this period are 10 for Chicoutimi Sagueneens vs 9 for Philadelphia Phantoms.

3rd period


0:01 of 3rd period - Laurent Dauphin wins face-off versus Joshua Ho-Sang in neutral zone.
0:14 of 3rd period - Snap shot by Joshua Ho-Sang.
0:14 of 3rd period - Shot Misses the Net.
0:16 of 3rd period - Wrist shot by Kevin Labanc.
0:16 of 3rd period - Shot Misses the Net.
0:28 of 3rd period - Icing by Brandon Montour.
0:29 of 3rd period - Sean Kuraly wins face-off versus Gabriel Bourque in Philadelphia Phantoms zone.
0:54 of 3rd period - Snap shot by Joshua Ho-Sang.
0:54 of 3rd period - Shot Misses the Net.
1:12 of 3rd period - Dean Kukan is hit by Jean Dupuy.
1:20 of 3rd period - Snap shot by Derrick Pouliot.
1:20 of 3rd period - Shot Misses the Net.
1:40 of 3rd period - Snap shot by Jacob De La Rose.
1:40 of 3rd period - Stopped by Darcy Kuemper with a rebound.
1:42 of 3rd period - Slapshot by Derrick Pouliot.
1:42 of 3rd period - Stopped by Darcy Kuemper with a rebound.
1:44 of 3rd period - Slapshot by Jamie Oleksiak.
1:44 of 3rd period - Stopped by Darcy Kuemper with a rebound.
1:48 of 3rd period - Backhand shot by Gabriel Bourque.
1:48 of 3rd period - Stopped by Darcy Kuemper with a rebound.
1:50 of 3rd period - Snap shot by Jacob De La Rose.
1:50 of 3rd period - Stopped by Darcy Kuemper without a rebound.
1:51 of 3rd period - Laurent Dauphin wins face-off versus Joshua Ho-Sang in Philadelphia Phantoms zone.
1:52 of 3rd period - Snap shot by Scott Wilson.
1:52 of 3rd period - Stopped by Darcy Kuemper without a rebound.
1:53 of 3rd period - Laurent Dauphin wins face-off versus Joshua Ho-Sang in Philadelphia Phantoms zone.
1:58 of 3rd period - Slapshot by Scott Wilson.
1:58 of 3rd period - Shot Misses the Net.
3:21 of 3rd period - Slapshot by Derrick Pouliot.
3:21 of 3rd period - Shot Blocked by Dale Weise.
3:23 of 3rd period - Snap shot by Iiro Pakarinen.
3:23 of 3rd period - Shot Misses the Net.
3:25 of 3rd period - Slapshot by Derrick Pouliot.
3:25 of 3rd period - Shot Blocked by Brandon Montour.
3:27 of 3rd period - Snap shot by Iiro Pakarinen.
3:27 of 3rd period - Shot Misses the Net.
3:29 of 3rd period - Snap shot by Derrick Pouliot.
3:29 of 3rd period - Shot Blocked by Joshua Ho-Sang.
3:31 of 3rd period - Slapshot by Jamie Oleksiak.
3:31 of 3rd period - Shot Misses the Net.
3:33 of 3rd period - Backhand shot by Scott Wilson.
3:33 of 3rd period - Deflect By Iiro Pakarinen.
3:33 of 3rd period - Stopped by Darcy Kuemper with a rebound.
4:29 of 3rd period - Icing by Chris Summers.
4:30 of 3rd period - Jordan Maletta wins face-off versus Jacob De La Rose in Chicoutimi Sagueneens zone.
4:35 of 3rd period - Wrist shot by Jordan Maletta.
4:35 of 3rd period - Shot Misses the Net.
5:00 of 3rd period - Joshua Ho-Sang is hit by Chris Summers and loses puck.
5:35 of 3rd period - Dryden Hunt is hit by Mike Brown and loses puck.
5:44 of 3rd period - Zac Dalpe is hit by Mike Brown and loses puck.
6:11 of 3rd period - Wrist shot by Joshua Ho-Sang.
6:11 of 3rd period - Stopped by Ville Husso without a rebound.
6:12 of 3rd period - Scott Laughton wins face-off versus Laurent Dauphin in Chicoutimi Sagueneens zone.
6:15 of 3rd period - Snap shot by Reid Boucher.
6:15 of 3rd period - Goal by Reid Boucher - Chicoutimi Sagueneens : 1 - Philadelphia Phantoms : 5.
6:16 of 3rd period - Joshua Ho-Sang wins face-off versus Laurent Dauphin in neutral zone.
6:41 of 3rd period - Kevin Fiala is hit by Jacob De La Rose and loses puck.
6:46 of 3rd period - Snap shot by Gabriel Bourque.
6:46 of 3rd period - Stopped by Darcy Kuemper with a rebound.
6:48 of 3rd period - Snap shot by Rocco Grimaldi.
6:48 of 3rd period - Stopped by Darcy Kuemper without a rebound.
6:49 of 3rd period - Jacob De La Rose wins face-off versus Joshua Ho-Sang in Philadelphia Phantoms zone.
6:50 of 3rd period - Snap shot by Rocco Grimaldi.
6:50 of 3rd period - Stopped by Darcy Kuemper without a rebound.
6:51 of 3rd period - Joshua Ho-Sang wins face-off versus Jacob De La Rose in Philadelphia Phantoms zone.
7:02 of 3rd period - Wrist shot by Gabriel Bourque.
7:02 of 3rd period - Stopped by Darcy Kuemper with a rebound.
7:04 of 3rd period - Slapshot by Ludwig Bystrom.
7:04 of 3rd period - Stopped by Darcy Kuemper without a rebound.
7:05 of 3rd period - Scott Laughton wins face-off versus Laurent Dauphin in Philadelphia Phantoms zone.
7:17 of 3rd period - Reid Boucher is hit by Laurent Dauphin and loses puck.
7:38 of 3rd period - Snap shot by Alexandre Carrier.
7:38 of 3rd period - Stopped by Ville Husso without a rebound.
7:39 of 3rd period - Joshua Ho-Sang wins face-off versus Jacob De La Rose in Chicoutimi Sagueneens zone.
7:42 of 3rd period - Snap shot by Kevin Labanc.
7:42 of 3rd period - Stopped by Ville Husso with a rebound.
8:02 of 3rd period - Snap shot by Rocco Grimaldi.
8:02 of 3rd period - Shot Blocked by Jonathan Diaby.
8:10 of 3rd period - Wrist shot by Dale Weise.
8:10 of 3rd period - Shot Misses the Net.
8:38 of 3rd period - Slapshot by Kevin Labanc.
8:38 of 3rd period - Deflect By Rocco Grimaldi.
8:38 of 3rd period - Goal by Kevin Labanc - Chicoutimi Sagueneens : 1 - Philadelphia Phantoms : 6.
8:39 of 3rd period - Laurent Dauphin wins face-off versus Sean Kuraly in neutral zone.
8:55 of 3rd period - Off-side.
8:56 of 3rd period - Matt White wins face-off versus Scott Laughton in neutral zone.
9:34 of 3rd period - Icing by Laurent Dauphin.
9:35 of 3rd period - Laurent Dauphin wins face-off versus Joshua Ho-Sang in Chicoutimi Sagueneens zone.
9:42 of 3rd period - Wrist shot by Iiro Pakarinen.
9:42 of 3rd period - Deflect By Scott Wilson.
9:42 of 3rd period - Shot Misses the Net.
9:42 of 3rd period - Puck is out of play.
9:43 of 3rd period - Iiro Pakarinen wins face-off versus Joshua Ho-Sang in Philadelphia Phantoms zone.
9:58 of 3rd period - Wrist shot by Iiro Pakarinen.
9:58 of 3rd period - Stopped by Darcy Kuemper with a rebound.
10:14 of 3rd period - Wrist shot by Kevin Fiala.
10:14 of 3rd period - Stopped by Ville Husso with a rebound.
10:35 of 3rd period - Wrist shot by Dryden Hunt.
10:35 of 3rd period - Deflect By Zac Dalpe.
10:35 of 3rd period - Shot Misses the Net.
10:35 of 3rd period - Puck is out of play.
10:36 of 3rd period - Sean Kuraly wins face-off versus Matt White in Chicoutimi Sagueneens zone.
10:36 of 3rd period - Dean Kukan and Miikka Salomaki fight to a draw.
10:36 of 3rd period - Penalty to Dean Kukan for Fighting.
10:36 of 3rd period - Penalty to Miikka Salomaki for Fighting.
10:37 of 3rd period - Joshua Ho-Sang wins face-off versus Laurent Dauphin in Chicoutimi Sagueneens zone.
12:15 of 3rd period - Wrist shot by Sean Kuraly.
12:15 of 3rd period - Stopped by Ville Husso without a rebound.
12:16 of 3rd period - Zach Sill wins face-off versus Sean Kuraly in Chicoutimi Sagueneens zone.
13:04 of 3rd period - Slapshot by Derrick Pouliot.
13:04 of 3rd period - Shot Blocked by Chad Billins.
13:06 of 3rd period - Slapshot by Scott Wilson.
13:06 of 3rd period - Shot Misses the Net.
13:08 of 3rd period - Slapshot by Derrick Pouliot.
13:08 of 3rd period - Stopped by Darcy Kuemper without a rebound.
13:09 of 3rd period - Laurent Dauphin wins face-off versus Scott Laughton in Philadelphia Phantoms zone.
13:10 of 3rd period - Snap shot by Iiro Pakarinen.
13:10 of 3rd period - Stopped by Darcy Kuemper with a rebound.
13:13 of 3rd period - Icing by Jonathan Diaby.
13:14 of 3rd period - Scott Laughton wins face-off versus Laurent Dauphin in Philadelphia Phantoms zone.
13:25 of 3rd period - Wrist shot by Kevin Fiala.
13:25 of 3rd period - Shot Blocked by Iiro Pakarinen.
13:27 of 3rd period - Wrist shot by Reid Boucher.
13:27 of 3rd period - Shot Misses the Net.
13:29 of 3rd period - Slapshot by Jonathan Diaby.
13:29 of 3rd period - Deflect By Reid Boucher.
13:29 of 3rd period - Stopped by Ville Husso with a rebound.
14:02 of 3rd period - Icing by Matt White.
14:03 of 3rd period - Matt White wins face-off versus Sean Kuraly in Chicoutimi Sagueneens zone.
14:12 of 3rd period - Wrist shot by Sean Kuraly.
14:12 of 3rd period - Stopped by Ville Husso with a rebound.
14:17 of 3rd period - Off-side.
14:18 of 3rd period - Laurent Dauphin wins face-off versus Joshua Ho-Sang in neutral zone.
14:31 of 3rd period - Dale Weise is hit by Derrick Pouliot and loses puck.
15:15 of 3rd period - Wrist shot by Matt White.
15:15 of 3rd period - Shot Misses the Net.
16:13 of 3rd period - Gabriel Bourque is hit by Kevin Fiala and loses puck.
16:27 of 3rd period - Sean Kuraly and Alex Lintuniemi fight to a draw.
16:27 of 3rd period - Penalty to Sean Kuraly for Fighting.
16:27 of 3rd period - Penalty to Alex Lintuniemi for Fighting.
16:28 of 3rd period - Iiro Pakarinen wins face-off versus Joshua Ho-Sang in neutral zone.
16:59 of 3rd period - Wrist shot by Jacob De La Rose.
16:59 of 3rd period - Goal by Jacob De La Rose - Chicoutimi Sagueneens : 2 - Philadelphia Phantoms : 6.
17:00 of 3rd period - Scott Laughton wins face-off versus Laurent Dauphin in neutral zone.
18:07 of 3rd period - Slapshot by Alexandre Carrier.
18:07 of 3rd period - Stopped by Ville Husso with a rebound.
18:13 of 3rd period - Reid Boucher is hit by Mike Brown and loses puck.
18:28 of 3rd period - Snap shot by Iiro Pakarinen.
18:28 of 3rd period - Shot Misses the Net.
18:30 of 3rd period - Slapshot by Ludwig Bystrom.
18:30 of 3rd period - Shot Blocked by Alexandre Carrier.
18:32 of 3rd period - Snap shot by Maxime Fortunus.
18:32 of 3rd period - Deflect By Brandon Montour.
18:32 of 3rd period - Stopped by Darcy Kuemper without a rebound.
18:33 of 3rd period - Laurent Dauphin wins face-off versus Joshua Ho-Sang in Philadelphia Phantoms zone.
19:24 of 3rd period - Snap shot by Kevin Labanc.
19:24 of 3rd period - Goal by Kevin Labanc - Chicoutimi Sagueneens : 2 - Philadelphia Phantoms : 7.
19:25 of 3rd period - Jacob De La Rose wins face-off versus Jordan Maletta in neutral zone.
19:27 of 3rd period - Jacob De La Rose beats up Dryden Hunt.
19:27 of 3rd period - Penalty to Dryden Hunt for Fighting.
19:27 of 3rd period - Penalty to Jacob De La Rose for Fighting.
19:28 of 3rd period - Laurent Dauphin wins face-off versus Jordan Maletta in Philadelphia Phantoms zone.
19:29 of 3rd period - Snap shot by Iiro Pakarinen.
19:29 of 3rd period - Shot Misses the Net.
19:39 of 3rd period - Slapshot by Iiro Pakarinen.
19:39 of 3rd period - Shot Blocked by Dean Kukan.
19:41 of 3rd period - Snap shot by Iiro Pakarinen.
19:41 of 3rd period - Goal by Iiro Pakarinen - Chicoutimi Sagueneens : 3 - Philadelphia Phantoms : 7.
19:42 of 3rd period - Scott Laughton wins face-off versus Laurent Dauphin in neutral zone.
Goals for this period are 2 for Chicoutimi Sagueneens vs 3 for Philadelphia Phantoms.
Shots for this period are 18 for Chicoutimi Sagueneens vs 11 for Philadelphia Phantoms.